TOP OF THE 1ST |
University of Arizona Wildcats batting - Pitching for UCLA Bruins : LHP Dave Hutchison
|
Pitching: LHP Dave Hutchison
|
|
Batting: RHB Eddy Amaya
|
0-0: Called Strike 0-1: DOUBLE (Flyball, 8RXD, EV 92.5 MPH)
|
Batting: LHB Jere Paatelainen
|
0-0: Ball 1-0: Ball 2-0: Ball 3-0: Called Strike 3-1: Foul Ball, location: 2F 3-2: Base on Balls
|
Batting: RHB Ron Dondale
|
0-0: Ball 1-0: Foul Ball, location: 2F 1-1: Fly out, F5 (Popup, 5SF, EV 83.1 MPH)
|
Batting: RHB Ricardo Fernandez
|
0-0: Called Strike 0-1: Swinging Strike 0-2: Ball 1-2: Ball 2-2: Ball 3-2: Strikes out swinging
|
Batting: LHB Gerald Thornton
|
0-0: TRIPLE (Flyball, 89XD, EV 97.5 MPH) Eddy Amaya scores Jere Paatelainen scores
|
Batting: RHB Mark Walters
|
0-0: Called Strike 0-1: Foul Ball, location: 2F 0-2: Foul Ball, location: 2F 0-2: Fly out, F8 (Line Drive, 8LD, EV 95.0 MPH)
|
Top of the 1st over - 2 runs, 2 hits, 0 errors, 1 left on base; University of Arizona 2 - UCLA 0 |
BOTTOM OF THE 1ST |
UCLA Bruins batting - Pitching for University of Arizona Wildcats : LHP Grisha Bakhovtsev
|
Pitching: LHP Grisha Bakhovtsev
|
|
Batting: LHB Mark Cummings
|
0-0: Ball 1-0: Called Strike 1-1: Ball 2-1: DOUBLE (Line Drive, 9LS, EV 103.8 MPH)
|
Batting: RHB Melvin Yanes
|
0-0: Fly out, F4 (Line Drive, 4M, EV 68.1 MPH)
|
Batting: SHB Sean Munns
|
0-0: Ball 1-0: Ball 2-0: SINGLE (Line Drive, 34D, EV 111.9 MPH) Mark Cummings to third Runner from 3rd tries for Home, SAFE, throw by RF to home Sean Munns to second
|
Batting: RHB Michael Alvarado
|
0-0: Ball 1-0: Swinging Strike 1-1: Swinging Strike 1-2: Strikes out looking
|
Batting: LHB Young-lau Seow
|
0-0: Foul Ball, location: 2F 0-1: Ball 1-1: Ball 2-1: Swinging Strike 2-2: Strikes out looking
|
Bottom of the 1st over - 1 run, 2 hits, 0 errors, 1 left on base; University of Arizona 2 - UCLA 1 |
TOP OF THE 2ND |
University of Arizona Wildcats batting - Pitching for UCLA Bruins : LHP Dave Hutchison
|
Batting: RHB Larry Harlow
|
0-0: Foul Ball, location: 2F 0-1: Swinging Strike 0-2: Ball 1-2: Ball 2-2: Ball 3-2: Base on Balls
|
Batting: SHB Pat Kidd
|
0-0: Swinging Strike 0-1: Fly out, F8 (Flyball, 8LS, EV 88.1 MPH)
|
Batting: SHB George Grace
|
0-0: Fly out, F9 (Flyball, 9S, EV 83.1 MPH)
|
Batting: RHB Eddy Amaya
|
0-0: Ball 1-0: Ball 2-0: Called Strike 2-1: Swinging Strike 2-2: Foul Ball, location: 2F 2-2: Ball 3-2: Foul Ball, location: 2F 3-2: Strikes out swinging
|
Top of the 2nd over - 0 runs, 0 hits, 0 errors, 1 left on base; University of Arizona 2 - UCLA 1 |
BOTTOM OF THE 2ND |
UCLA Bruins batting - Pitching for University of Arizona Wildcats : LHP Grisha Bakhovtsev
|
Batting: RHB Ethan Krause
|
0-0: Called Strike 0-1: Foul Ball, location: 2F 0-2: Foul Ball, location: 2F 0-2: Strikes out swinging
|
Batting: LHB Dave Hutchison
|
0-0: Ball 1-0: Called Strike 1-1: Ground out 5-3 (Groundball, 5, EV 106.2 MPH)
|
Batting: SHB Steve Fouhy
|
0-0: Ball 1-0: Ball 2-0: Called Strike 2-1: Called Strike 2-2: Fly out, F8 (Flyball, 8RS, EV 88.8 MPH)
|
Bottom of the 2nd over - 0 runs, 0 hits, 0 errors, 0 left on base; University of Arizona 2 - UCLA 1 |
TOP OF THE 3RD |
University of Arizona Wildcats batting - Pitching for UCLA Bruins : LHP Dave Hutchison
|
Batting: LHB Jere Paatelainen
|
0-0: Ball 1-0: Called Strike 1-1: Swinging Strike 1-2: Ball 2-2: Ball 3-2: Foul Ball, location: 2F 3-2: Strikes out swinging
|
Batting: RHB Ron Dondale
|
0-0: Ball 1-0: Called Strike 1-1: Foul Ball, location: 2F 1-2: Ball 2-2: Ground out 5-3 (Groundball, 5S, EV 78.8 MPH)
|
Batting: RHB Ricardo Fernandez
|
0-0: Ground out 5-3 (Groundball, 56, EV 85.0 MPH)
|
Top of the 3rd over - 0 runs, 0 hits, 0 errors, 0 left on base; University of Arizona 2 - UCLA 1 |
BOTTOM OF THE 3RD |
UCLA Bruins batting - Pitching for University of Arizona Wildcats : LHP Grisha Bakhovtsev
|
Batting: RHB Pete Devaux
|
0-0: Fly out, F8 (Flyball, 8LM, EV 81.9 MPH)
|
Batting: LHB Mark Cummings
|
0-0: Ball 1-0: Foul Ball, location: 2F 1-1: Swinging Strike 1-2: Foul Ball, location: 2F 1-2: Strikes out looking
|
Batting: RHB Melvin Yanes
|
0-0: Ball 1-0: TRIPLE (Line Drive, 89XD, EV 98.8 MPH)
|
Batting: SHB Sean Munns
|
0-0: Ball 1-0: Ball 2-0: SINGLE (Line Drive, 78S, EV 103.1 MPH) Melvin Yanes scores
|
Batting: RHB Michael Alvarado
|
0-0: Ball 1-0: Ball 2-0: Foul Ball, location: 2F 2-1: Foul Ball, location: 2F 2-2: Fielders Choice at 2nd, 6-4 (Groundball, 6, EV 83.8 MPH)
|
Bottom of the 3rd over - 1 run, 2 hits, 0 errors, 1 left on base; University of Arizona 2 - UCLA 2 |
TOP OF THE 4TH |
University of Arizona Wildcats batting - Pitching for UCLA Bruins : LHP Dave Hutchison
|
Batting: LHB Gerald Thornton
|
0-0: Ball 1-0: Ball 2-0: Fly out, F7 (Flyball, 78D, EV 81.2 MPH)
|
Batting: RHB Mark Walters
|
0-0: Ball 1-0: Called Strike 1-1: Foul Ball, location: 2F 1-2: Ball 2-2: Foul Ball, location: 2F 2-2: Foul Ball, location: 2F 2-2: Strikes out swinging
|
Batting: RHB Larry Harlow
|
0-0: Called Strike 0-1: Foul Ball, location: 2F 0-2: SINGLE (Groundball, 6MD, EV 105.6 MPH)
|
Pitching: LHP Honor Munoz
|
|
Batting: SHB Pat Kidd
|
0-0: Ball 1-0: Swinging Strike 1-1: Fly out, F9 (Line Drive, 89M, EV 95.6 MPH)
|
Top of the 4th over - 0 runs, 1 hit, 0 errors, 1 left on base; University of Arizona 2 - UCLA 2 |
BOTTOM OF THE 4TH |
UCLA Bruins batting - Pitching for University of Arizona Wildcats : LHP Grisha Bakhovtsev
|
Batting: LHB Young-lau Seow
|
0-0: Ball 1-0: Called Strike 1-1: Swinging Strike 1-2: Strikes out swinging
|
Batting: RHB Ethan Krause
|
0-0: Called Strike 0-1: Foul Ball, location: 2F 0-2: Ball 1-2: Ball 2-2: Ground out 6-3 (Groundball, 6, EV 105.0 MPH)
|
Batting: RHB Honor Munoz
|
0-0: Called Strike 0-1: Foul Ball, location: 2F 0-2: Ball 1-2: Strikes out looking
|
Bottom of the 4th over - 0 runs, 0 hits, 0 errors, 0 left on base; University of Arizona 2 - UCLA 2 |
TOP OF THE 5TH |
University of Arizona Wildcats batting - Pitching for UCLA Bruins : LHP Honor Munoz
|
Now at C: Chris Pounders
|
|
Now at 1B: Scott Mullett
|
|
Batting: SHB George Grace
|
0-0: Ball 1-0: Ground out 6-3 (Groundball, 6, EV 81.2 MPH)
|
Batting: RHB Eddy Amaya
|
0-0: Ball 1-0: Called Strike 1-1: Ground out 6-3 (Groundball, 6, EV 106.9 MPH)
|
Batting: LHB Jere Paatelainen
|
0-0: Ball 1-0: SINGLE (Groundball, 25, EV 68.1 MPH) (infield hit)
|
Batting: RHB Ron Dondale
|
0-0: Called Strike Jere Paatelainen steals 2nd base (no throw) 0-1: Ground out 6-3 (Groundball, 6, EV 101.9 MPH)
|
Top of the 5th over - 0 runs, 1 hit, 0 errors, 1 left on base; University of Arizona 2 - UCLA 2 |
BOTTOM OF THE 5TH |
UCLA Bruins batting - Pitching for University of Arizona Wildcats : LHP Grisha Bakhovtsev
|
Now in LF: Kevin Verret
|
|
Batting: SHB Steve Fouhy
|
0-0: Foul Ball, location: 2F 0-1: Called Strike 0-2: Ball 1-2: Strikes out looking
|
Batting: RHB Pete Devaux
|
0-0: Foul Ball, location: 2F 0-1: Ball 1-1: Ball 2-1: Ball 3-1: Swinging Strike 3-2: SINGLE (Groundball, 6D, EV 102.5 MPH)
|
Batting: LHB Mark Cummings
|
0-0: Ball 1-0: Called Strike 1-1: Foul Ball, location: 2F 1-2: Ball 2-2: SINGLE (Groundball, 34, EV 91.9 MPH) (infield hit) Pete Devaux to second
|
Pinch Hitting: RHB Andy Knerr
|
0-0: Ball 1-0: Called Strike 1-1: Fly out, F9 (Flyball, 89M, EV 78.8 MPH)
|
Batting: LHB Scott Mullett
|
0-0: Foul Ball, location: 2F 0-1: Called Strike 0-2: Strikes out swinging
|
Bottom of the 5th over - 0 runs, 2 hits, 0 errors, 2 left on base; University of Arizona 2 - UCLA 2 |
TOP OF THE 6TH |
University of Arizona Wildcats batting - Pitching for UCLA Bruins : LHP Honor Munoz
|
Pitching: LHP Joe Landgraff
|
|
Now at 1B: Andy Pluskota
|
|
Now in CF: Andy Knerr
|
|
Now in RF: Scott Mullett
|
|
Batting: RHB Ricardo Fernandez
|
0-0: Ball 1-0: Called Strike 1-1: Fly out, F7 (Flyball, 7, EV 86.2 MPH)
|
Batting: LHB Kevin Verret
|
0-0: Foul Ball, location: 2F 0-1: Fly out, F8 (Flyball, 8LD, EV 92.5 MPH)
|
Batting: SHB Jamal Jeter
|
0-0: Foul Ball, location: 2F 0-1: Ball 1-1: Swinging Strike 1-2: Ball 2-2: Strikes out looking
|
Top of the 6th over - 0 runs, 0 hits, 0 errors, 0 left on base; University of Arizona 2 - UCLA 2 |
BOTTOM OF THE 6TH |
UCLA Bruins batting - Pitching for University of Arizona Wildcats : LHP Grisha Bakhovtsev
|
Pitching: LHP Victor Silva
|
|
Batting: RHB Michael Alvarado
|
0-0: Ball 1-0: Ball 2-0: Ball 3-0: Called Strike 3-1: Fly out, F8 (Line Drive, 8LD, EV 93.1 MPH)
|
Pinch Hitting: SHB Mike Beck
|
0-0: Called Strike 0-1: Fly out, F4 (Line Drive, 4, EV 71.9 MPH)
|
Batting: RHB Chris Pounders
|
0-0: Called Strike 0-1: Ground out 6-3 (Groundball, 6, EV 92.5 MPH)
|
Bottom of the 6th over - 0 runs, 0 hits, 0 errors, 0 left on base; University of Arizona 2 - UCLA 2 |
TOP OF THE 7TH |
University of Arizona Wildcats batting - Pitching for UCLA Bruins : LHP Joe Landgraff
|
Pitching: LHP Tyler Finn
|
|
Now at 1B: Mike Beck
|
|
Now in LF: Andy Pluskota
|
|
Batting: RHB Larry Harlow
|
0-0: Ball 1-0: Foul Ball, location: 2F 1-1: Called Strike 1-2: Strikes out looking
|
Batting: SHB Pat Kidd
|
0-0: Ball 1-0: Swinging Strike 1-1: Foul Ball, location: 2F 1-2: Strikes out swinging
|
Batting: SHB George Grace
|
0-0: Called Strike 0-1: Swinging Strike 0-2: Strikes out swinging
|
Top of the 7th over - 0 runs, 0 hits, 0 errors, 0 left on base; University of Arizona 2 - UCLA 2 |
BOTTOM OF THE 7TH |
UCLA Bruins batting - Pitching for University of Arizona Wildcats : LHP Victor Silva
|
Pinch Hitting: SHB Kevin Allen
|
0-0: Called Strike 0-1: Called Strike 0-2: Ball 1-2: Strikes out swinging
|
Batting: SHB Steve Fouhy
|
0-0: Foul Ball, location: 2F 0-1: Ball 1-1: Ball 2-1: Ball 3-1: Ground out 5-3 (Groundball, 5S, EV 84.4 MPH)
|
Batting: RHB Pete Devaux
|
0-0: Ball 1-0: Ground out 6-3 (Groundball, 6, EV 85.6 MPH)
|
Bottom of the 7th over - 0 runs, 0 hits, 0 errors, 0 left on base; University of Arizona 2 - UCLA 2 |
TOP OF THE 8TH |
University of Arizona Wildcats batting - Pitching for UCLA Bruins : LHP Tyler Finn
|
Pitching: LHP Marcus Finch
|
|
Batting: RHB Eddy Amaya
|
0-0: Called Strike 0-1: DOUBLE (Groundball, 5L, EV 103.1 MPH)
|
Batting: LHB Jere Paatelainen
|
0-0: Ball 1-0: Bunted foul 1-1: Sac Bunt to 5S - play at first, batter OUT! 5-4 Eddy Amaya to third
|
Batting: RHB Ron Dondale
|
0-0: Foul Ball, location: 2F 0-1: Ball 1-1: Called Strike 1-2: Ball 2-2: Strikes out swinging
|
Batting: RHB Ricardo Fernandez
|
0-0: Foul Ball, location: 2F 0-1: Ball 1-1: Ball 2-1: Foul Ball, location: 2F 2-2: Fly out, F8 (Flyball, 89M, EV 91.2 MPH)
|
Top of the 8th over - 0 runs, 1 hit, 0 errors, 1 left on base; University of Arizona 2 - UCLA 2 |
BOTTOM OF THE 8TH |
UCLA Bruins batting - Pitching for University of Arizona Wildcats : LHP Victor Silva
|
Pitching: RHP Steve Wiest
|
|
Batting: LHB Andy Pluskota
|
0-0: Swinging Strike 0-1: Foul Ball, location: 2F 0-2: Strikes out swinging
|
Batting: RHB Andy Knerr
|
0-0: Ball 1-0: Ball 2-0: Ball 3-0: Base on Balls
|
Batting: LHB Scott Mullett
|
0-0: Called Strike 0-1: Ball 1-1: Ball 2-1: Called Strike 2-2: Strikes out swinging
|
Batting: RHB Michael Alvarado
|
0-0: Called Strike Andy Knerr is caught stealing 2nd base 2-4
|
Bottom of the 8th over - 0 runs, 0 hits, 0 errors, 0 left on base; University of Arizona 2 - UCLA 2 |
TOP OF THE 9TH |
University of Arizona Wildcats batting - Pitching for UCLA Bruins : LHP Marcus Finch
|
Pitching: RHP Juan Zatarain
|
|
Batting: LHB Kevin Verret
|
0-0: Ball 1-0: Ball 2-0: SOLO HOME RUN (Flyball, 9LD, EV 92.5 MPH), Distance : 338 ft
|
Batting: SHB Jamal Jeter
|
0-0: Ball 1-0: Foul Ball, location: 2F 1-1: Ball 2-1: Foul Ball, location: 2F 2-2: Strikes out swinging
|
Batting: RHB Larry Harlow
|
0-0: Ball 1-0: Ball 2-0: Ground out 1-3 (Groundball, P, EV 70.0 MPH)
|
Batting: SHB Pat Kidd
|
0-0: Ground out 6-3 (Groundball, 6, EV 77.5 MPH)
|
Top of the 9th over - 1 run, 1 hit, 0 errors, 0 left on base; University of Arizona 3 - UCLA 2 |
BOTTOM OF THE 9TH |
UCLA Bruins batting - Pitching for University of Arizona Wildcats : RHP Steve Wiest
|
Pitching: RHP Carlos Maravilla
|
|
Batting: RHB Michael Alvarado
|
0-0: Ball 1-0: Foul Ball, location: 2F 1-1: Swinging Strike 1-2: Ball 2-2: SINGLE (Line Drive, 9LM, EV 101.2 MPH)
|
Batting: SHB Mike Beck
|
0-0: Foul Ball, location: 2F 0-1: Fielders Choice at 2nd, 6-4 (Groundball, 6, EV 106.9 MPH)
|
Batting: RHB Chris Pounders
|
0-0: Ball 1-0: Ball 2-0: Fielders Choice at 2nd, 4-6 (Groundball, 34, EV 83.8 MPH)
|
Pinch Hitting: RHB Issac Konol
|
0-0: Called Strike 0-1: Called Strike 0-2: Fly out, F8 (Line Drive, 8LD, EV 96.9 MPH)
|
Bottom of the 9th over - 0 runs, 1 hit, 0 errors, 1 left on base; University of Arizona 3 - UCLA 2 |
|